 Dungeon Crawl Stone Soup version 0.29.1-13-g9f3cf754e1 (webtiles) character file.

Game seed: 2056066702355412453

6304 redcrux the Grappler (level 10, -7/150 HPs)
             Began as a Troll Fighter on Jan 26, 2023.
             Mangled by a cyan ugly thing (11 damage)
             ... on level 9 of the Dungeon.
             The game lasted 00:40:07 (7423 turns).

redcrux the Grappler (Troll Fighter)                Turns: 7423, Time: 00:40:07

Health: -7/150     AC: 10    Str: 26    XL:     10   Next: 63%
Magic:  9/9        EV:  9    Int:  8    God:
Gold:   491        SH:  9    Dex:  9    Spells: 9/9 levels left

rFire   x . .      SeeInvis .     - Unarmed
rCold   + . .      Faith    .   b - +0 kite shield
rNeg    . . .      Spirit   .   J - +0 acid dragon scales
rPois   .          Reflect  .   y - +1 hat
rElec   .          Harm     .   B - +0 cloak
rCorr   +          Rampage  .   (gloves unavailable)
Will    .....                   (boots unavailable)
Stlth   ..........              q - amulet of the acrobat
HPRegen 1.15/turn               o - ring of ice
MPRegen 0.11/turn               (no ring)

@: mighty, berserking, very quick
A: large, unfitting armour, claws 3, regeneration 1, shaggy fur 1, tough skin 1
a: no special abilities


You were on level 9 of the Dungeon.
You visited 2 branches of the dungeon, and saw 10 of its levels.

You collected 513 gold pieces.
You spent 22 gold pieces at shops.

Inventory:

Missiles
 d - 18 poisoned darts (quivered)
 f - 84 stones
 w - 2 boomerangs
 z - 4 atropa-tipped darts
 I - 3 throwing nets
 L - 3 large rocks
Armour
 a - a +0 robe
 b - a +0 kite shield (worn)
 y - a +1 hat (worn)
 B - a +0 cloak (worn)
 G - +0 steam dragon scales
 J - +0 acid dragon scales (worn)
Jewellery
 o - a ring of ice (left claw)
 q - an amulet of the acrobat (around neck)
Wands
 j - a wand of charming (22)
 H - a wand of roots (8)
Scrolls
 e - 4 scrolls of enchant weapon
 g - 2 scrolls of noise
 i - a scroll of brand weapon
 k - 2 scrolls of identify
 l - 4 scrolls of amnesia
 n - 2 scrolls of fear
 p - a scroll of fog
 s - a scroll of silence {unknown}
 t - a scroll of vulnerability {unknown}
 u - 2 scrolls of immolation {unknown}
 v - a scroll of summoning {unknown}
 E - a scroll of enchant armour {unknown}
 F - a scroll of poison {unknown}
Potions
 c - 3 potions of curing
 h - a potion of lignification
 m - a potion of berserk rage
 r - 2 potions of haste
 x - a potion of attraction
 A - a potion of cancellation
 K - a potion of flight {unknown}


   Skills:
 + Level 6.9 Fighting
 + Level 4.7 Dodging
 + Level 7.6 Shields
 * Level 11.1 Unarmed Combat


You had 9 spell levels left.
You didn't know any spells.
Your spell library contained the following spells:

 Spells                   Type           Power      Damage    Failure   Level
 Sublimation of Blood     Necr           0%         N/A       86%         2
 Tukima's Dance           Hex            0%         N/A       97%         3
 Fulminant Prism          Conj/Hex       0%         3d6       100%        4
 Iskenderun's Mystic Bla  Conj/Tloc      0%         2d3       100%        4
 Passage of Golubria      Tloc           0%         N/A       100%        4
 Petrify                  Tmut/Erth      0%         N/A       100%        4
 Irradiate                Conj/Tmut      0%         3d11      100%        5
 Lee's Rapid Deconstruct  Erth           0%         3d5*      100%        5
 Yara's Violent Unravell  Hex/Tmut       0%         3d3       100%        5


Dungeon Overview and Level Annotations

Branches:
Dungeon (9/15)             Temple (1/1) D:6            Lair (0/5) D:8
    Orc: D:9-12

Altars:
Ashenzari
Cheibriados
Dithmenos
Elyvilon
Gozag
Hepliaklqana
Kikubaaqudgha
Makhleb
Nemelex Xobeh
Okawaru
Qazlal
Ru
Sif Muna
Trog
Uskayaw
Vehumet
Xom
Yredelemnul
Zin
The Shining One

Shops:
D:4 :   D:5 *


Innate Abilities, Weirdness & Mutations

You are too large for most types of armour.
You have claws for hands.
Your natural rate of healing is unusually fast.
You are covered in fur. (AC +1)
You have tough skin. (AC +1)


Message History

A red film seems to cover your vision as you go berserk!
You feel yourself moving faster!
You feel mighty!
You scratch the boulder beetle.
The boulder beetle is lightly wounded.
You claw the boulder beetle!
The boulder beetle is lightly wounded.
You block the boulder beetle's attack.
You claw the boulder beetle!
The boulder beetle is moderately wounded.
You claw the boulder beetle!
The boulder beetle is moderately wounded.
The boulder beetle closely misses you.
You mangle the boulder beetle!!
The boulder beetle is heavily wounded.
The boulder beetle bites you!!
* * * LOW HITPOINT WARNING * * *
You mangle the boulder beetle!!
The boulder beetle is almost dead.
You mangle the boulder beetle!!
You kill the boulder beetle!
Your Unarmed Combat skill increases to level 11!
You barely miss the cyclops. You claw the cyclops!
The cyclops is lightly wounded.
The cyclops hits you!
* * * LOW HITPOINT WARNING * * *
You claw the cyclops!
The cyclops is heavily wounded.
You claw the cyclops!
The cyclops is heavily wounded.
The cyclops hits you!!
* * * LOW HITPOINT WARNING * * *
You scratch the cyclops.
The cyclops is severely wounded.
You mangle the cyclops!!
You kill the cyclops!
You barely miss the cyan ugly thing.
You completely miss the cyan ugly thing.
The cyan ugly thing stings you!
You die...

#.........C...... #.⌠
#......##.....### #..
#......##...#.### ##.
#)..............# #.
.######....#.....# # ##.
..........l.....# ...###..
........oyHo...# .⌠....._
#...####u##..## ...###..
#...###.@##..# # ##.
+.........#.... #.
#.........# .... . ##.
#.........# ..... ..#..
###'###..## ###### #.#.⌠
###...###..########.###.#..
#............#>......#..##.
#.........#.##.#.....+.....
###...###..)##...#######..#


You could see a cyan ugly thing, a manticore, a basilisk, a vampire mosquito and
an orc.

Vanquished Creatures
  A boulder beetle (D:9)
  Pikel (D:5)
  2 cyclopes (D:9)
  2 trolls (D:8)
  Sigmund (D:5)
  A human (D:8)
  A ynoxinul (D:8)
  A steam dragon (D:8)
  Edmund (D:5)
  A vampire mosquito (D:9)
  An acid dragon (D:9)
  A water moccasin (D:7)
  Duvessa (D:6)
  5 orc warriors
  2 sky beasts
  A black bear (D:6)
  An ogre (D:6)
  2 centaurs
  3 bullfrogs
  3 scorpions
  3 wights (D:7)
  Dowan (D:6)
  5 killer bees (D:7)
  A vampire bat (D:8)
  An electric eel (D:8)
  3 jellies
  5 orc priests
  4 hounds
  3 gnoll boudas
  A human skeleton (D:8)
  2 iguanas
  6 orc wizards
  Natasha (D:3)
  3 adders
  17 gnolls
  A white imp (D:6)
  3 ufetubi
  3 worms
  A dart slug (D:2)
  44 orcs
  5 bat zombies (D:8)
  10 endoplasms
  A giant cockroach (D:2)
  10 goblins
  14 hobgoblins
  4 jackals (D:1)
  4 quokkas
  5 ball pythons
  6 bats
  4 frilled lizards
  A goblin skeleton (D:8)
  5 kobolds
  7 rats
216 creatures vanquished.

Notes
Turn   | Place    | Note
-------+----------+-------------------------------------------
     0 | D:1      | redcrux the Troll Fighter began the quest for the Orb.
     0 | D:1      | Reached XP level 1. HP: 22/22 MP: 0/0
   181 | D:1      | Found a faded altar of an unknown god.
   242 | D:1      | Reached XP level 2. HP: 29/29 MP: 1/1
   497 | D:1      | Reached XP level 3. HP: 36/36 MP: 2/2
   734 | D:2      | Reached skill level 3 in Unarmed Combat
  1004 | D:2      | Reached XP level 4. HP: 44/44 MP: 3/3
  1225 | D:3      | Found a burning altar of Makhleb.
  1352 | D:3      | Found a shadowy altar of Dithmenos.
  1389 | D:3      | Found an opulent altar of Gozag.
  1510 | D:3      | Found a hazy altar of Hepliaklqana.
  1952 | D:3      | Noticed Natasha
  1958 | D:3      | Killed Natasha
  1959 | D:3      | Reached skill level 4 in Unarmed Combat
  1959 | D:3      | Reached XP level 5. HP: 46/53 MP: 4/4
  2008 | D:4      | Found a broken altar of Ashenzari.
  2232 | D:4      | Reached XP level 6. HP: 26/61 MP: 5/5
  2318 | D:4      | HP: 1/61 [orc priest/divine providence (7)]
  2366 | D:4      | Reached skill level 5 in Unarmed Combat
  2520 | D:4      | Found a snail-covered altar of Cheibriados.
  2739 | D:4      | Found Amientix's Book Shop.
  3078 | D:5      | Entered Level 5 of the Dungeon
  3078 | D:5      | Found Sijuafru's General Store.
  3095 | D:5      | Reached XP level 7. HP: 58/68 MP: 6/6
  3112 | D:5      | Bought a scroll of identify for 22 gold pieces
  3192 | D:5      | Noticed Pikel
  3216 | D:5      | Killed Pikel
  3217 | D:5      | Reached skill level 6 in Unarmed Combat
  3220 | D:5      | Reached skill level 5 in Shields
  3220 | D:5      | Reached XP level 8. HP: 18/79 MP: 7/7
  3235 | D:5      | Found a glowing golden altar of the Shining One.
  3419 | D:5      | Reached skill level 7 in Unarmed Combat
  3530 | D:5      | Noticed Edmund
  3547 | D:5      | Killed Edmund
  3576 | D:5      | Noticed Sigmund
  3596 | D:5      | Killed Sigmund
  3935 | D:6      | Noticed Duvessa
  3943 | D:6      | Reached skill level 5 in Fighting
  3945 | D:6      | Noticed Dowan
  3946 | D:6      | Killed Duvessa
  3985 | D:6      | Killed Dowan
  3986 | D:6      | Reached skill level 8 in Unarmed Combat
  4213 | D:6      | Found a staircase to the Ecumenical Temple.
  4262 | Temple   | Entered the Ecumenical Temple
  4775 | D:6      | Reached XP level 9. HP: 78/88 MP: 8/8
  5042 | D:6      | Found a sparkling altar of Nemelex Xobeh.
  5555 | D:7      | Reached skill level 9 in Unarmed Combat
  5640 | D:7      | Found a radiant altar of Vehumet.
  6238 | D:8      | Found a staircase to the Lair.
  6410 | D:8      | Noticed a troll
  6422 | D:8      | Killed a troll
  6513 | D:8      | Found an ancient bone altar of Kikubaaqudgha.
  6527 | D:8      | Reached skill level 10 in Unarmed Combat
  6744 | D:8      | Found a shimmering blue altar of Sif Muna.
  6752 | D:8      | Reached XP level 10. HP: 96/100 MP: 9/9
  6761 | D:8      | Got Sif Muna's Papyrus of Enthralling Concussion
  6787 | D:8      | Found a bloodstained altar of Trog.
  6818 | D:8      | Found a runed translucent door.
  7132 | D:8      | Found a basalt altar of Yredelemnul.
  7222 | D:9      | Found a white marble altar of Elyvilon.
  7320 | D:9      | Noticed a cyclops
  7338 | D:9      | Killed a cyclops
  7376 | D:9      | Identified the +10 dagger of Righteous Anger {pain, Fly}
  7377 | D:9      | Noticed a boulder beetle
  7377 | D:9      | Noticed a cyan ugly thing
  7378 | D:9      | Noticed a manticore
  7380 | D:9      | Noticed a cyclops
  7415 | D:9      | Killed a boulder beetle
  7416 | D:9      | Reached skill level 11 in Unarmed Combat
  7419 | D:9      | HP: 1/150 [cyclops (22)]
  7421 | D:9      | Killed a cyclops
  7423 | D:9      | Mangled by a cyan ugly thing

Illustrated notes

Levels and vault maps discovered:
D:1:      mainiacjoe_arrival_reflecting_pool, layout_basic,
          shapermc_ecumenical_altar_notcrosses, moated_statue
D:2:      layout_basic, guppyfry_early_orc_mine
D:3:      layout_loops_ring, grunt_gozag_breadcrumbs,
          mainiacjoe_overflow_catwalk, mainiacjoe_overflow_brackets,
          lemuel_round_altar, uniq_natasha
D:4:      layout_basic, cheibriados_altar_1, nicolae_ashenzari_skybound,
          serial_shops, shop
D:5:      layout_gridville, overflow_temple_1_default, serial_shops,
          shop_fountains, sigmund_edmund_badplayer, uniq_pikel
D:6:      layout_layer_cave, nemelex_diamond_rough_becter, temple_pool_b,
          uniq_duvessa
D:7:      layout_basic, mainiacjoe_overflow_alcove_1
D:8:      layout_gridville, kennysheep_vampire_church, dk_yredelemnul_ordeal,
          nzn_overflow_gifts_of_might_and_magic, lair_entry_dummy, special_room
          [special_room_orc], fountainhead
D:9:      minmay_cut_squares, layout_gridville, elyvilon_altar_1, david_orc_4,
          st_stairs_7, uniq_erolcha
Temple:   hellmonk_temple_flake

Skill      XL: |  1  2  3  4  5  6  7  8  9 10 |
---------------+-------------------------------+-----
Shields        | 3 4 5 6 7 |  7.6
Unarmed Combat | 3 4 5 6 8 10 11 | 11.1
Fighting       | 3 4 5 6 |  6.9
Dodging        | 3 4 |  4.7

Action                   |  1- 3 |  4- 6 |  7- 9 | 10-12 || total
-------------------------+-------+-------+-------+-------++-------
Melee: Unarmed           |   116 |   179 |   295 |    83 ||   673
Throw: Dart              |       |       |     1 |       ||     1
  Use: Potion            |       |     3 |     2 |     3 ||     8
       Scroll            |       |       |    10 |       ||    10
Armor: Robe              |    36 |    36 |    52 |       ||   124
       Skin              |       |    21 |       |       ||    21
       Steam dragon scal |       |       |     2 |     7 ||     9
       Acid dragon scale |       |       |       |    37 ||    37
Dodge: Dodged            |    31 |    80 |   138 |    36 ||   285
Block: Kite shield       |    50 |    81 |   156 |    41 ||   328
